 Dungeon Crawl Stone Soup version 0.17-a0-1301-ga863c44 (webtiles) character file.

91 Fluffy the Covered (level 4, -2/29 HPs)
             Began as a Gargoyle Fighter on June 7, 2015.
             Slain by a shadow imp (3 damage)
             ... summoned by Natasha
             ... on level 2 of the Dungeon.
             The game lasted 00:02:20 (844 turns).

Fluffy the Covered (Gargoyle Fighter)                Turns: 844, Time: 00:02:20

Health: -2/29      AC: 10    Str: 20    XL:     4   Next: 57%
Magic:  4/4        EV: 12    Int:  8    God:
Gold:   86         SH: 10    Dex: 15    Spells: 0 memorised, 3 levels left

rFire  . . .     SeeInvis .     k - +0 mace (crush)
rCold  . . .     Clarity  .     b - +0 scale mail
rNeg   + . .     SustAt   .     c - +0 shield
rPois  ∞         Gourm    .     (no helmet)
rElec  +         Spirit   .     (no cloak)
rCorr  .         Warding  .     (no gloves)
rMut   .         Stasis   .     (no boots)
MR     .....                    (no amulet)
Stlth  +.........               (no ring)
                                (no ring)

@: agile, slowed, very slow, not resistant to hostile enchantments, very
unstealthy
A: negative energy resistance 1, electricity resistance, unbreathing,
petrification resistance, rot immunity, AC +3
a: no special abilities


You were on level 2 of the Dungeon.
You were not hungry.

You visited 1 branch of the dungeon, and saw 2 of its levels.

You collected 86 gold pieces.

Inventory:

Hand weapons
 k - a +0 mace of crushing (weapon)
Armour
 b - a +0 scale mail (worn)
 c - a +0 shield (worn)
Magical devices
 m - a wand of teleportation (4)
Scrolls
 a - a scroll of recharging {unknown}
 f - a scroll of fear {unknown}
 g - a scroll of amnesia {unknown}
 i - a scroll of blinking {unknown}
 j - a scroll of remove curse {unknown}
 o - a scroll of identify {unknown}
Potions
 d - a potion of might
Comestibles
 e - a bread ration
 l - a meat ration
 n - a chunk of flesh


   Skills:
 + Level 3.7 Fighting
 + Level 2.8 Maces & Flails
 + Level 4.1 Armour
 + Level 4.1 Shields


You had 3 spell levels left.
You didn't know any spells.

Dungeon Overview and Level Annotations

Branches:
Dungeon (2/15)

Altars:

Annotations:
D:2 Natasha


Innate Abilities, Weirdness & Mutations

You are resistant to torment.
Your stone body is resilient (AC +3).
You are immune to poison.
You resist negative energy.
You are resistant to electric shocks.
You can survive without breathing.
You are immune to petrification.
You are immune to rotting.


Message History

* * * LOW HITPOINT WARNING * * *
Natasha stares at you.
You feel troubled.
Natasha zaps a wand.
You resist with some effort. You block the gnoll's attack.
The shadow imp hits you but does no damage.
Natasha zaps a wand.
You resist with some effort.
Natasha zaps a wand.
You feel as though you will be slow longer.
You block the gnoll's attack. The shadow imp barely misses you.
You block the gnoll's attack. You block the gnoll's attack.
Natasha mumbles some strange words.
The shadow imp grins evilly.
The shadow imp hits you but does no damage.
The gnoll hits you from afar with a spear.
* * * LOW HITPOINT WARNING * * *
The gnoll barely misses you.
Natasha mumbles some strange words.
The shadow imp hits you.
You die...

.......#.......##................
#.##...........#...####..########
#...........#............#
#####.....#....)........#########
.................................
###...#.....##...#...............
..÷<.............###......†......
####.)#.....##.#.###.##..........
....>.........gg@................
####..#........5.#......#.#######
...........hg###.#.####.#
.#.##....5.......#.# #+#
#..........5......#.# #
#.#..#..........#.+
#....#............#
#.................#
#......)..........#


You could see 2 iron imps, Natasha, 3 gnolls and a shadow imp.

Vanquished Creatures
  Terence (D:2)
  2 adders (D:2)
  A gnoll (D:2)
  2 oozes (D:1)
  2 giant geckos (D:1)
  8 bats
  4 goblins
  2 hobgoblins (D:1)
  A quokka (D:2)
  5 kobolds (D:1)
  4 rats (D:1)
32 creatures vanquished.

Notes
Turn   | Place    | Note
--------------------------------------------------------------
     0 | D:1      | Fluffy the Gargoyle Fighter began the quest for the Orb.
     0 | D:1      | Reached XP level 1. HP: 14/14 MP: 1/1
   162 | D:1      | Reached XP level 2. HP: 13/19 MP: 2/2
   283 | D:1      | Reached XP level 3. HP: 18/23 MP: 3/3
   482 | D:1      | Reached skill level 4 in Shields
   705 | D:2      | Noticed Terence
   719 | D:2      | Killed Terence
   719 | D:2      | Reached XP level 4. HP: 14/29 MP: 4/4
   826 | D:2      | Noticed Natasha
   837 | D:2      | HP: 1/29 [gnoll/spear (1)]
   843 | D:2      | HP: 1/29 [gnoll/spear (1)]
   844 | D:2      | Slain by a shadow imp

Vault maps used:
D:1:      dpeg_arrival_circle_labyrinth_a
D:2:      grunt_decor_resistance, minivault_27, uniq_natasha, uniq_terence

Action                   |  1- 3 |  4- 6 || total
-------------------------+-------+-------++-------
Melee: Flail             |    87 |       ||    87
       Mace              |    22 |    20 ||    42
  Use: Potion            |       |     1 ||     1
